 Dungeon Crawl Stone Soup version 0.30-a0-1160-g6e42c06551 (webtiles) character file.

Game seed: 3814443055653302456

1889 kae the Chiller (level 8, -9/81 HPs)
             Began as a Demigod Transmuter on Apr 25, 2023.
             Mangled by a yak (14 damage)
             ... on level 7 of the Dungeon.
             The game lasted 00:07:45 (6773 turns).

kae the Chiller (Demigod Transmuter)                Turns: 6773, Time: 00:07:46

Health: -9/81      AC:  8    Str: 11    XL:     8   Next: 61%
Magic:  14/15      EV: 10    Int: 23    God:
Gold:   272        SH:  0    Dex: 14    Spells: 3/13 levels left

rFire   x .          .
                       - Unarmed
rCold   + + +        (shield currently unavailable)
rNeg    . . .        a - melded +0 robe
rPois   +            (helmet currently unavailable)
rElec   .            t - melded scarf {repulsion}
rCorr   .            l - melded +0 pair of gloves
SInv    .            (boots currently unavailable)
Will    .....        (no amulet)
Stlth   +            (no ring)
HPRegen 0.33/turn    (no ring)
MPRegen 0.14/turn

%: no passive effects
@: mighty, about to teleport, ice-form
A: freezing attack, amphibious, boosted hp, large, high MP 1, forlorn, divine
attributes
a: End Transformation


You were on level 7 of the Dungeon.
You were a creature of crystalline ice.
You visited 1 branch of the dungeon, and saw 7 of its levels.

You collected 272 gold pieces.


Innate Abilities, Weirdness & Mutations

You are a creature of crystalline ice.
You have a powerful freezing melee attack.
You are amphibious.
Your maximum health is increased.
Your armour is entirely melded.
You are incapable of wielding weapons or throwing items.
You have an increased reservoir of magic. (+10% MP)
You shall have no god before yourself.
Your divine heritage dramatically boosts your attributes as you level up.


   Skills:
 + Level 5.3 Fighting
 - Level 1.7 Dodging
 - Level 2.6 Unarmed Combat
 - Level 3.0 Spellcasting
 - Level 6.0 Transmutations
 - Level 6.0 Ice Magic
 - Level 2.0 Poison Magic


You had 3 spell levels left.
You knew the following spells:

 Your Spells              Type           Power      Damage    Failure   Level
a - Beastly Appendage     Tmut           62%        N/A       1%          1
b - Wereblood             Tmut           31%        N/A       1%          2
c - Spider Form           Tmut/Pois      21%        N/A       7%          3
d - Ice Form              Ice/Tmut       31%        N/A       10%         4

Your spell library contained the following spells:

 Spells                   Type           Power      Damage    Failure   Level
 Freeze                   Ice            100%       1d10      1%          1
 Frozen Ramparts          Ice            62%        1d10      3%          3
 Ensorcelled Hibernation  Hex/Ice        34%        N/A       4%          2
 Hailstorm                Conj/Ice       17%        3d6       10%         3
 Apportation              Tloc           6%         N/A       12%         1
 Necrotise                Necr           12%        1d4       12%         1
 Summon Small Mammal      Summ           12%        N/A       12%         1
 Lesser Beckoning         Tloc           6%         N/A       17%         2
 Gell's Gravitas          Tloc           3%         N/A       34%         3
 Summon Guardian Golem    Hex/Summ       3%         N/A       34%         3
 Teleport Other           Tloc           3%         N/A       34%         3
 Volatile Blastmotes      Fire/Tloc      6%         2d10      34%         3
 Anguish                  Hex/Necr       1%         N/A       75%         4
 Fulminant Prism          Conj/Hex       1%         3d5       75%         4
 Iskenderun's Mystic Bla  Conj/Tloc      3%         2d3       75%         4
 Lee's Rapid Deconstruct  Erth           1%         3d4*      97%         5
 Orb of Destruction       Conj           1%         9d5       100%        7
 Spellforged Servitor     Conj/Summ      1%         N/A       100%        7

Inventory:

Hand Weapons
 h - a +0 club
   (You found it on level 4 of the Dungeon)
Missiles
 d - 36 stones
 z - 5 poisoned darts
Armour
 a - a +0 robe (melded)
 l - a +0 pair of gloves (melded)
   (You found it on level 2 of the Dungeon)
 t - a scarf of repulsion (melded)
   (You found it on level 5 of the Dungeon)
Magical Staves
 m - a staff of earth {!a}
   (You found it on level 2 of the Dungeon)
 n - a staff of air {!a}
   (You found it on level 4 of the Dungeon)
Scrolls
 p - a scroll of brand weapon
 q - 2 scrolls of magic mapping {!r}
 r - 2 scrolls of vulnerability {!r!r}
 s - a scroll of summoning {unknown}
 u - a scroll of identify {@r1}
 x - a scroll of enchant weapon
Potions
 b - 3 potions of lignification {!q}
 c - a potion of mutation {!q}
 e - a potion of flight
 g - 3 potions of haste {@q3}
 i - 2 potions of magic
 j - a potion of berserk rage {!q}
 o - a potion of brilliance
 w - 3 potions of heal wounds {@q2}

Dungeon Overview and Level Annotations

Branches:
Dungeon (7/15) Zot: 26869  Temple (0/1) D:5

Shops:
D:1 ( D:5

[ ...>.###.....#
.....##....f.#
......#.....#
............#
............##
.............###
))......)......########.
................YY.?....
#.............†.YY......
#.........##.....F......
##........####.........#
##.......# ###......##
#..#.....# ###...##
#.####...# #..# #. ##..#
#.# ##.. ## ##.#


You could see 3 yaks and a bullfrog.


Message History

You barely miss the bullfrog. The bullfrog misses you.
The bullfrog closely misses you.
You hit the bullfrog.
The bullfrog seems to slow down.
You freeze the bullfrog. The bullfrog hits you. 😕 HP[-3]
You take 3 damage, and now have 75/79 hp.
There are monsters nearby!
You hit the bullfrog. You freeze the bullfrog.
You kill the bullfrog!
You punch the shadow imp! The shadow imp barely misses you.
The white imp hits you but does no damage. 😕 HP[+2] MP[+1]
You now have 80 max hp (+1).
You regained 2 hp, and now have 77/80 hp.
You punch the shadow imp!
You kill the shadow imp!
The white imp gestures at you. The puff of frost misses you.
You barely miss the white imp. The white imp barely misses you.
You punch the white imp!
A yak comes into view.
The white imp hits you but does no damage.
You punch the white imp!
You kill the white imp!
The sentinel's mark upon you fades away.
A sleepcap comes into view. 😕 HP[+1]
You see here a bullfrog corpse.
A yak comes into view.
There are monsters nearby! 😕 HP[+1]
A bullfrog and a yak come into view.
The yak barely misses you.
You hit the yak. You freeze the yak. The yak barely misses you.
A yak comes into view.
There are monsters nearby! 😕 MP[+1]
You hit the yak. You freeze the yak. The yak gores you.
You punch the yak! You freeze the yak. The yak gores you. 😕 HP[-8]
You take 8 damage, and now have 71/80 hp.
Okay, then.
You hit the yak. You freeze the yak. The yak gores you but does no damage.
The bullfrog hits you. 😕 HP[-6]
You take 6 damage, and now have 65/80 hp.
Unknown command.
Okay, then.
You feel very mighty all of a sudden. The bullfrog hits you.
The yak gores you but does no damage. 😕 HP[-3]
You take 3 damage, and now have 62/80 hp.
Unknown command.
You barely miss the yak.
The bullfrog hits you but does no damage.
The yak closely misses you. The yak gores you.
The bullfrog barely misses you. 😮 HP[-4]
You take 4 damage, and now have 58/80 hp.
You punch the yak! You freeze the yak. The bullfrog hits you.
The yak gores you but does no damage. The yak gores you!
The yak barely misses you. 😮 HP[-9] MP[+1]
You take 9 damage, and now have 49/80 hp.
You punch the yak! You freeze the yak.
You kill the yak!
The bullfrog hits you but does no damage.
The yak gores you but does no damage. The yak gores you!
* * * LOW HITPOINT WARNING * * *
The yak gores you!
* * * LOW HITPOINT WARNING * * *
The sleepcap releases spores at you.
* * * LOW HITPOINT WARNING * * *
The bullfrog misses you.
Your Fighting skill increases to level 5! 😨 HP[-27]
You now have 81 max hp (+1).
You take 27 damage, and now have 22/81 hp.
MASSIVE DAMAGE!! (PAUSE)
You punch the sleepcap! You freeze the sleepcap.
The bullfrog hits you but does no damage.
The yak barely misses you. The yak gores you!
* * * LOW HITPOINT WARNING * * *
The yak closely misses you.
The sleepcap releases spores at you but does no damage. 😱 HP[-7]
You take 7 damage, and now have 15/81 hp.
You pummel the sleepcap!! You freeze the sleepcap!
You destroy the sleepcap!
The bullfrog hits you but does no damage.
The yak closely misses you. The yak barely misses you.
The yak closely misses you.
The bullfrog hits you but does no damage.
As you read the scroll of teleportation {@r4}, it crumbles to dust.
You feel strangely unstable. The bullfrog hits you.
* * * LOW HITPOINT WARNING * * *
The yak gores you!
* * * LOW HITPOINT WARNING * * *
The yak gores you!
You die...

Skill      XL: |  1  2  3  4  5  6  7  8 |
---------------+-------------------------+-----
Spellcasting   | 2 3 |  3.0
Transmutations | 2 3 4 5 6 |  6.0
Poison Magic   | 1 2 |  2.0
Ice Magic      | 2 4 6 |  6.0
Fighting       | 5 |  5.3
Dodging        | |  1.7
Unarmed Combat | |  2.6

Action                     |  1- 3 |  4- 6 |  7- 9 || total
---------------------------+-------+-------+-------++-------
  Melee: Unarmed           |   106 |   185 |   160 ||   451
         Kick              |    23 |     8 |       ||    31
         Headbutt          |    15 |     5 |       ||    20
         Punch             |     1 |       |       ||     1
   Cast: Beastly Appendage |    27 |     5 |       ||    32
         Spider Form       |     1 |    16 |     5 ||    22
         Wereblood         |       |     6 |     6 ||    12
         Ice Form          |       |     7 |    13 ||    20
Ability: End Transformatio |       |     1 |     1 ||     2
    Use: Scroll            |     7 |     8 |     6 ||    21
         Potion            |       |       |     3 ||     3
   Stab: Sleeping          |     1 |       |       ||     1
 Armour: Robe              |    21 |     9 |       ||    30
         Skin              |       |    24 |    61 ||    85
  Dodge: Dodged            |    64 |   133 |   118 ||   315
         Repelled          |       |       |     1 ||     1

Levels and vault maps discovered:
D:1:      dpeg_arrival_brainrot, layout_basic, serial_shops, shop
D:2:      layout_basic, basic_altar
D:3:      layout_loops_ring, minmay_increasing_density
D:4:      layout_rooms, nicolae_dithmenos_the_darkroom,
          eat_drink_and_be_merry_uskayaw, uniq_robin
D:5:      layout_loops_corners, kiku_gazebo_pond_becter,
          nicolae_vehumet_altar_sigil, jmf_multi_god_temple2,
          minmay_temple_entry_statues_fountains, serial_shops, shop
D:6:      layout_cave_pools, general_overflow_altar,
          mainiacjoe_overflow_alcove_4, minmay_door_square, roderic_malta_cross,
          uniq_blork_the_orc
D:7:      minmay_cornered_nines, layout_layer_cave, nicolae_elevator_lobby_plus

Notes
Turn   | Place    | Note
-------+----------+-------------------------------------------
     0 | D:1      | kae the Demigod Transmuter began the quest for the Orb.
     0 | D:1      | Reached XP level 1. HP: 15/15 MP: 5/5
     0 | D:1      | magus.rc [v1.11.3]
    18 | D:1      | You pick up a book of Dangerous Friends and begin
                  | reading...
    18 | D:1      | You add the spells Summon Guardian Golem, Orb of
                  | Destruction and Spellforged Servitor to your library.
    71 | D:1      | Reached skill level 2 in Spellcasting
    71 | D:1      | Reached skill level 2 in Transmutations
   104 | D:1      | You pick up a book of Frost and begin reading...
   104 | D:1      | You add the spells Freeze, Frozen Ramparts and Hailstorm to
                  | your library.
   133 | D:1      | Reached XP level 2. HP: 22/22 MP: 4/7
   746 | D:1      | Found Gavo's Antique Weapon Emporium.
  1023 | D:2      | Reached XP level 3. HP: 9/27 MP: 9/9
  1026 | D:2      | Learned a level 2 spell: Wereblood
  1030 | D:2      | Learned a level 3 spell: Spider Form
  1384 | D:2      | You pick up a book of Displacement and begin reading...
  1384 | D:2      | You add the spells Lesser Beckoning, Gell's Gravitas and
                  | Teleport Other to your library.
  1638 | D:3      | Reached skill level 1 in Poison Magic
  1793 | D:3      | Reached XP level 4. HP: 22/34 MP: 6/10
  1909 | D:3      | Reached skill level 3 in Transmutations
  2561 | D:4      | Noticed Robin
  2693 | D:4      | Reached skill level 3 in Spellcasting
  2693 | D:4      | Reached skill level 2 in Poison Magic
  2777 | D:4      | Killed Robin
  2778 | D:4      | Reached XP level 5. HP: 36/39 MP: 9/12
  2870 | D:4      | Learned a level 4 spell: Ice Form
  2954 | D:4      | HP: 6/39 [goblin/+0 club[Robin] (4)]
  3090 | D:4      | Reached skill level 1 in Ice Magic
  3494 | D:5      | Entered Level 5 of the Dungeon
  3501 | D:5      | You pick up a book of Cantrips and begin reading...
  3501 | D:5      | You add the spells Necrotise, Summon Small Mammal and
                  | Apportation to your library.
  3507 | D:5      | Found Cidoriu's Armour Boutique.
  3590 | D:5      | Reached skill level 4 in Transmutations
  3590 | D:5      | Reached skill level 2 in Ice Magic
  3684 | D:4      | Reached XP level 6. HP: 25/46 MP: 8/13
  3939 | D:5      | Reached skill level 3 in Ice Magic
  4144 | D:5      | Found a large runed translucent door.
  4144 | D:5      | Found a large runed translucent door.
  4224 | D:5      | You pick up a book of Dreams and begin reading...
  4224 | D:5      | You add the spells Ensorcelled Hibernation and Anguish to
                  | your library.
  4435 | D:5      | HP: 11/46 [sleepcap (18)]
  4577 | D:5      | Found a staircase to the Ecumenical Temple.
  4828 | D:5      | Reached skill level 4 in Ice Magic
  4828 | D:5      | Reached XP level 7. HP: 51/51 MP: 5/14
  4953 | D:5      | Reached skill level 5 in Transmutations
  5057 | D:5      | Identified +0 gold dragon scales
  5357 | D:5      | Reached skill level 5 in Ice Magic
  5574 | D:6      | Noticed a steam dragon
  5584 | D:6      | Killed a steam dragon
  5638 | D:6      | Noticed Blork the orc
  5655 | D:6      | Killed Blork the orc
  5933 | D:6      | Reached skill level 6 in Ice Magic
  5933 | D:6      | Reached XP level 8. HP: 58/58 MP: 11/15
  5973 | D:6      | Reached skill level 6 in Transmutations
  5973 | D:6      | Reached skill level 1 in Fighting
  5983 | D:6      | Reached skill level 2 in Fighting
  6316 | D:6      | Reached skill level 3 in Fighting
  6434 | D:6      | Reached skill level 4 in Fighting
  6733 | D:7      | You pick up a book of Blasting and begin reading...
  6733 | D:7      | You add the spells Volatile Blastmotes, Fulminant Prism,
                  | Iskenderun's Mystic Blast and Lee's Rapid Deconstruction to
                  | your library.
  6771 | D:7      | Reached skill level 5 in Fighting
  6771 | D:7      | HP: 15/81 [yak (7)]
  6773 | D:7      | HP: 5/81 [yak (9)]
  6773 | D:7      | Mangled by a yak

Vanquished Creatures
  A yak (D:7)
  A wraith (D:6)
  A steam dragon (D:6)
  An ice beast (D:5)
  2 centaurs
  A kobold brigand (D:6)
  Blork the orc (D:6)
  A bullfrog (D:7)
  A scorpion (D:4)
  3 wights
  2 howler monkeys
  A gnoll bouda (D:6)
  5 hounds
  3 orc priests (D:5)
  2 sleepcaps
  4 orc wizards
  Robin (D:4)
  7 gnolls
  9 adders
  A shadow imp (D:7)
  2 white imps
  An ufetubus (D:5)
  6 worms
  3 dart slugs
  16 orcs
  2 ball pythons
  5 bats
  4 endoplasms (D:4)
  A giant cockroach (D:4)
  19 goblins
  8 hobgoblins
  5 jackals
  11 kobolds
  2 quokkas
  2 frilled lizards
  5 rats
140 creatures vanquished.

Table legend:
 A = Non-vault XP
 B = Vault XP
 C = Vault XP percentage of total XP
 D = Non-vault monster count
 E = Vault monster count
 F = Vault count percentage of total count
                 A         B        C        D         E       F
            +---------+---------+-------+---------+---------+-------
      Total |    2482 |     217 |   8.0 |     118 |      22 |  15.7
            +---------+---------+-------+---------+---------+-------
        D:1 |      42 |       5 |  10.6 |      22 |       1 |   4.3
        D:2 |      38 |       0 |   0.0 |      12 |       0 |   0.0
        D:3 |      40 |      42 |  51.2 |       7 |      10 |  58.8
        D:4 |     236 |      28 |  10.6 |      20 |       8 |  28.6
        D:5 |     756 |      46 |   5.7 |      24 |       2 |   7.7
        D:6 |     975 |      96 |   9.0 |      25 |       1 |   3.8
        D:7 |     395 |       0 |   0.0 |       8 |       0 |   0.0
            +---------+---------+-------+---------+---------+-------

Skill      XL: |  1  2  3  4  5  6  7  8 |
---------------+-------------------------+-----
Spellcasting   | 2 3 |  3.0
Transmutations | 2 3 4 5 6 |  6.0
Poison Magic   | 1 2 |  2.0
Ice Magic      | 2 4 6 |  6.0
Fighting       | 5 |  5.3
Dodging        | |  1.7
Unarmed Combat | |  2.6

Action                     |  1- 3 |  4- 6 |  7- 9 || total
---------------------------+-------+-------+-------++-------
  Melee: Unarmed           |   106 |   185 |   160 ||   451
         Kick              |    23 |     8 |       ||    31
         Headbutt          |    15 |     5 |       ||    20
         Punch             |     1 |       |       ||     1
   Cast: Beastly Appendage |    27 |     5 |       ||    32
         Spider Form       |     1 |    16 |     5 ||    22
         Wereblood         |       |     6 |     6 ||    12
         Ice Form          |       |     7 |    13 ||    20
Ability: End Transformatio |       |     1 |     1 ||     2
    Use: Scroll            |     7 |     8 |     6 ||    21
         Potion            |       |       |     3 ||     3
   Stab: Sleeping          |     1 |       |       ||     1
 Armour: Robe              |    21 |     9 |       ||    30
         Skin              |       |    24 |    61 ||    85
  Dodge: Dodged            |    64 |   133 |   118 ||   315
         Repelled          |       |       |     1 ||     1

Illustrated notes

Table legend:
 A = Kills in this place as a percentage of kills in the entire game.
 B = Kills by you in this place as a percentage of kills by you in the entire game.
 C = Kills by friends in this place as a percentage of kills by friends in the entire game.
 D = Other kills in this place as a percentage of other kills in the entire game.
 E = Experience gained in this place as a percentage of experience gained in the entire game.
 F = Experience gained in this place divided by the number of levels of this place that you have seen.
                   A       B       C       D       E      F
               +-------+-------+-------+-------+-------+----------------------
         Total | 100.0 | 100.0 |   N/A |   N/A | 100.0 | 385.6
       Dungeon | 100.0 | 100.0 |   N/A |   N/A | 100.0 | 385.6
               +-------+-------+-------+-------+-------+----------------------

Table legend: (Time is in decaauts)
 A = Elapsed time spent in this place.
 B = Non-inter-level travel time spent in this place.
 C = Inter-level travel time spent in this place.
 D = Time resting spent in this place.
 E = Time spent auto-exploring this place.
 F = Levels seen in this place.
 G = Mean time per level.
                   A        B        C        D        E       F      G
               +--------+--------+--------+--------+--------+-----+--------+
         Total |   6768 |   6428 |    340 |    461 |   4764 |   7 |  966.9 |
       Dungeon |   6768 |   6428 |    340 |    461 |   4764 |   7 |  966.9 |
               +--------+--------+--------+--------+--------+-----+--------+

Top non-repeatable levels by time:
     D:5: 1775 daAuts
     D:4: 1106 daAuts
     D:3: 1102 daAuts
     D:6: 1041 daAuts
     D:1: 1005 daAuts
     D:2: 607 daAuts
     D:7: 129 daAuts
